 Dungeon Crawl Stone Soup version 0.31-a0-221-gbddc013574 (webtiles) character file.

Game seed: 15060067232368833822

73 qw the Shooter (level 4, -3/36 HPs)
             Began as a Minotaur Hexslinger on July 4, 2023.
             Slain by a gnoll
             ... wielding a +0 spear
              (7 damage)
             ... on level 3 of the Dungeon.
             The game lasted 00:00:31 (1546 turns).

qw the Shooter (Minotaur Hexslinger)                Turns: 1546, Time: 00:00:32

Health: -3/36      AC:  9    Str: 13    XL:     4   Next: 8%
Magic:  4/4        EV: 11    Int: 10    God:
Gold:   103        SH:  5    Dex: 14    Spells: 4/5 levels left

rFire   . . .        Y - +1 sling
rCold   + . .        (no shield)
rNeg    . . .        j - +2 ring mail {rC+}
rPois   .            (helmet restricted)
rElec   .            (no cloak)
rCorr   .            i - +1 pair of gloves
SInv    .            (no boots)
Will    .....        b - amulet of reflection
Stlth   +            (no ring)
HPRegen 0.26/turn    (no ring)
MPRegen 0.09/turn

%: reflection
@: about to teleport
A: horns 2, retaliatory headbutt
a: no special abilities


You were on level 3 of the Dungeon.
You visited 1 branch of the dungeon, and saw 3 of its levels.

You collected 103 gold pieces.


Innate Abilities, Weirdness & Mutations

You have a pair of horns on your head.
You reflexively headbutt those who attack you in melee.


   Skills:
 - Level 2.0 Fighting
 + Level 4.3 Ranged Weapons
 - Level 1.2 Armour
 - Level 2.1 Dodging
 - Level 1.0 Spellcasting
 - Level 2.0 Hexes


You had 4 spell levels left.
You knew the following spells:

 Your Spells              Type           Power      Damage    Failure   Level
a - Slow                  Hex            16%        N/A       32%         1

Your spell library contained the following spells:

 Spells                   Type           Power      Damage    Failure   Level
 Inner Flame              Hex/Fire       2%         N/A       82%         3
 Portal Projectile        Hex/Tloc       4%         N/A       82%         3
 Cause Fear               Hex            2%         N/A       97%         4

Inventory:

Hand Weapons
 Y - a +1 sling (weapon)
Armour
 i - a +1 pair of gloves (worn)
 j - a +2 ring mail of cold resistance (worn)
Jewellery
 b - an amulet of reflection (around neck)
Scrolls
 f - 4 scrolls of identify
Potions
 e - a potion of resistance

Dungeon Overview and Level Annotations

Branches:
Dungeon (3/15)

Altars:

Annotations:
D:1 1 transporter


Message History

You shoot a sling bullet. The sling bullet hits the gnoll.
The gnoll is heavily wounded.
The gnoll hits you with a +0 halberd.
You shoot a sling bullet.
The sling bullet closely misses the gnoll.
The gnoll closely misses you. You block the gnoll's attack.
You shoot a sling bullet. The sling bullet hits the gnoll.
The gnoll is severely wounded.
The gnoll hits you but does no damage.
You shoot a sling bullet. The sling bullet hits the gnoll.
The gnoll is almost dead.
The gnoll hits you with a +0 halberd!
You shoot a sling bullet. The sling bullet hits the gnoll.
You kill the gnoll!
The rat barely misses you.
The gnoll hits you from afar with a +0 spear.
You have reached level 4!
You feel stronger.
You shoot a sling bullet. The sling bullet hits the rat.
You kill the rat!
A gnoll comes into view. It is wielding a +0 spear.
The gnoll hits you from afar with a +0 spear.
You shoot a sling bullet. The sling bullet hits the gnoll.
The gnoll is moderately wounded.
The gnoll hits you from afar with a +0 spear.
You shoot a sling bullet. The sling bullet hits the gnoll.
The gnoll is heavily wounded.
The gnoll hits you with a +0 spear.
The gnoll hits you from afar with a +0 spear.
A gnoll comes into view. It is wielding a +0 flail.
The gnoll barely misses you. x2; The gnoll hits you with a +0 flail.
1545 ||| READING scroll of teleportation.
As you read the scroll of teleportation, it crumbles to dust.
You feel strangely unstable. The gnoll hits you with a +0 flail.
You block the gnoll's attack. The gnoll closely misses you.
You shoot a sling bullet. The sling bullet hits the gnoll!
You kill the gnoll!
The gnoll barely misses you. You furiously retaliate!
You headbutt the gnoll.
The gnoll hits you from afar with a +0 spear!
You die... g

# #.# # .#.# # ..r#
.. #.).# ...< ##.g.
#.### #g)# . ##g##
#.)@# #...#
#...################
#........).%.(......
#...################
#...# #...# #...#
#####


You could see 2 gnolls.

Vanquished Creatures
  2 gnolls (D:3)
  2 adders
  A worm (D:2)
  2 dart slugs (D:2)
  4 orcs (D:3)
  5 ball pythons
  2 endoplasms
  A giant cockroach (D:1)
  4 goblins
  4 hobgoblins (D:2)
  2 quokkas (D:2)
  A bat (D:1)
  2 frilled lizards
  A kobold (D:2)
  3 rats
36 creatures vanquished.

Notes
Turn   | Place    | Note
-------+----------+-------------------------------------------
     0 | D:1      | qw the Minotaur Hexslinger began the quest for the Orb.
     0 | D:1      | Reached XP level 1. HP: 16/16 MP: 1/1
     0 | D:1      | 0 ||| qw: Version: 0.3-a-41-g9d075ac
     0 | D:1      | 0 ||| qw: Game counter: 734
     0 | D:1      | 0 ||| qw: Melee chars always use a shield: true
     0 | D:1      | 0 ||| qw: God list: Okawaru
     0 | D:1      | 0 ||| qw: Allow faded altars: false
     0 | D:1      | 0 ||| qw: Do Orc after clearing Dungeon:15 true
     0 | D:1      | 0 ||| qw: Do second Lair branch before Depths: true
     0 | D:1      | 0 ||| qw: Lair rune preference: random
     0 | D:1      | 0 ||| qw: Goals: Normal
     0 | D:1      | 0 ||| PLANNING D:1-11
   598 | D:1      | Reached skill level 3 in Ranged Weapons
   598 | D:1      | Reached XP level 2. HP: 23/23 MP: 2/2
   605 | D:1      | 605 ||| UPGRADING to +0 leather armour.
   615 | D:1      | 615 ||| DROPPING +0 robe.
   616 | D:1      | 616 ||| UPGRADING to +1 pair of gloves.
   621 | D:1      | 621 ||| UPGRADING to +2 ring mail of cold resistance.
   631 | D:1      | 631 ||| DROPPING +0 leather armour.
   632 | D:1      | 632 ||| READING 2 scrolls labelled TIABUU LETAI.
   637 | D:1      | 637 ||| READING 3 scrolls labelled UHEAQYTWOED.
   638 | D:1      | 638 ||| READING 2 scrolls labelled WEORIDD PA PAU.
   639 | D:1      | 639 ||| READING 2 scrolls of identify.
   639 | D:1      | 639 ||| IDENTIFYING gluggy clear potion
   640 | D:1      | 640 ||| DROPPING scroll of poison.
   641 | D:1      | 641 ||| DROPPING scroll of fog.
   937 | D:2      | Reached XP level 3. HP: 29/29 MP: 3/3
  1038 | D:2      | You fall into a shaft and drop 1 floor!
  1053 | D:3      | 1053 ||| READING scroll labelled ROMITA DETO.
  1400 | D:2      | 1400 ||| UPGRADING to amulet of reflection.
  1405 | D:2      | 1405 ||| READING scroll labelled SOYTWOETINY.
  1442 | D:3      | Reached skill level 4 in Ranged Weapons
  1509 | D:3      | Reached skill level 1 in Armour
  1535 | D:3      | 1535 ||| Stepping ~*~*~tactically~*~*~ (outnumbered).
  1542 | D:3      | Reached XP level 4. HP: 14/36 MP: 4/4
  1544 | D:3      | HP: 7/36 [gnoll/+0 spear (4)]
  1545 | D:3      | 1545 ||| READING scroll of teleportation.
  1546 | D:3      | Slain by a gnoll

Levels and vault maps discovered:
D:1:      spicycebolla_arrival_risky_transporter, layout_loops_cross
D:2:      layout_basic, kennysheep_generic_room_11
D:3:      layout_rooms, shapermc_ecumenical_altar_ellora

Skill      XL: |  1  2  3 |
---------------+----------+-----
Ranged Weapons | 3 4 |  4.3
Fighting       | 2 |  2.0
Armour         | 1 |  1.2
Dodging        | |  2.1
Spellcasting   | |  1.0
Hexes          | |  2.0

Action                     |  1- 3 |  4- 6 || total
---------------------------+-------+-------++-------
   Fire: Sling             |   101 |     4 ||   105
    Use: Scroll            |     6 |     1 ||     7
 Armour: Ring mail         |    21 |       ||    21
  Dodge: Dodged            |    35 |     4 ||    39
  Block: Other             |     1 |     1 ||     2

Table legend:
 A = Non-vault XP
 B = Vault XP
 C = Vault XP percentage of total XP
 D = Non-vault monster count
 E = Vault monster count
 F = Vault count percentage of total count
                 A         B        C        D         E       F
            +---------+---------+-------+---------+---------+-------
      Total |     115 |       5 |   4.2 |      35 |       1 |   2.8
            +---------+---------+-------+---------+---------+-------
        D:1 |      12 |       0 |   0.0 |       8 |       0 |   0.0
        D:2 |      42 |       5 |  10.6 |      15 |       1 |   6.2
        D:3 |      61 |       0 |   0.0 |      12 |       0 |   0.0
            +---------+---------+-------+---------+---------+-------
